 Dungeon Crawl Stone Soup version 0.32-a0-975-g85d4e5bfdb (webtiles) character file.

Game seed: 827853749510880704

12195 ipx the Basher (level 11, -10/64 (78) HPs)
             Began as a Demonspawn Artificer on Apr 19, 2024.
             Was a Follower of Ashenzari.
             Mangled by a cyan ugly thing (15 damage)
             ... on level 14 of the Dungeon.
             The game lasted 01:09:44 (4344 turns).

ipx the Basher (Demonspawn Artificer)               Turns: 4344, Time: 01:09:45

HP:   -10/64 (78)   AC:  8    Str: 16    XL:     11   Next: 59%
MP:   0/11          EV: 18    Int: 13    God:    Ashenzari [*.....]
Gold: 216           SH:  4    Dex: 19    Spells: 10/10 levels left

rFire   . . .        a - +1 whip (elec)
rCold   . . .        (no shield)
rNeg    . . .        T - +0 troll leather armour
rPois   .            x - +0 helmet
rElec   .            D - scarf {+Inv}
rCorr   .            u - +1 pair of gloves "I Knew You'd Do That" {Bglg, Melee} (curse)
SInv    .            F - +1 pair of boots "I Foresaw This" {Self, Comp} (curse)
Will    .....        G - amulet of guardian spirit
Stlth   ++++         E - +5 ring of evasion
HPRegen 1.10/turn    d - +6 ring of dexterity
MPRegen 0.12/turn

%: guardian spirit
@: very slightly contaminated, wreathed by umbra, heavily drained, invisible
A: hooves 1, large bone plates 1, augmentation 1, demonic magic 1, foul shadow 3
a: Renounce Religion, Evoke Invisibility, Shatter the Chains


You were on level 14 of the Dungeon.
You worshipped Ashenzari.
Ashenzari was aware of your devotion.
You visited 3 branches of the dungeon, and saw 17 of its levels.
You also visited: Ossuary.

You collected 384 gold pieces.
You spent 168 gold pieces at shops.

Inventory:

Hand Weapons
 a - a +1 whip of electrocution (weapon)
 b - a +0 whip of pain
 R - a +2 spear of distortion
Missiles
 B - 5 javelins
 O - a throwing net (quivered)
Armour
 i - a +1 pair of gloves
 u - the cursed +1 pair of gloves "I Knew You'd Do That" (worn) {Bglg, Melee}
   (You found it on level 4 of the Dungeon)

   It has a curse which improves the following skills: Beguiling: Hexes and
   Translocations.
   Melee Combat: Short Blades, Long Blades, Axes, Maces & Flails, Polearms,
   Staves and Unarmed Combat.
 x - a +0 helmet (worn)
 D - a scarf of invisibility (worn)
 F - the cursed +1 pair of boots "I Foresaw This" (worn) {Self, Comp}
   (You found it on level 5 of the Dungeon)

   It has a curse which improves the following skills: Introspection: Fighting
   and Spellcasting.
   Companions: Summonings and Necromancy.
 T - a +0 troll leather armour (worn)
 U - +0 acid dragon scales
 W - a +0 helmet
Magical Staves
 H - the staff of Nitag {rElec rPois rN+ Will+ Alchemy}
   (You took it off a kobold brigand on level 7 of the Dungeon)

   [staff of alchemy]

   Base accuracy: +5 Base damage: 5 Base attack delay: 1.2 This weapon's minimum
   attack delay (0.6) is reached at skill level 12.
   rElec:     It insulates you from electricity.
   rPois:     It protects you from poison.
   rN+:       It protects you from negative energy.
   Will+:     It increases your willpower.
   Alchemy:   It increases the power of your Alchemy spells.
   It falls into the 'Staves' category.
   It is a one-handed weapon.
Jewellery
 c - a ring of resist corrosion
 d - a +6 ring of dexterity (right hand)
 f - a ring of fire
 p - a ring of poison resistance
 E - a +5 ring of evasion (left hand)
 G - an amulet of guardian spirit (around neck)
 I - a +6 ring of intelligence
 V - a ring of see invisible
Wands
 z - a wand of charming (8)
Scrolls
 j - 2 scrolls of enchant weapon
 k - a scroll of fog
 m - a scroll of butterflies
 o - 2 scrolls of amnesia
 s - 2 scrolls of blinking
 y - 2 scrolls of vulnerability
 J - a scroll of silence
 K - a scroll of noise
 L - a scroll of fear
 M - a scroll of revelation
 N - a scroll of torment
Potions
 e - a potion of brilliance
 g - 3 potions of mutation
 h - a potion of resistance
 l - a potion of ambrosia
 n - a potion of attraction
 t - a potion of haste
 w - a potion of invisibility
 A - 3 potions of magic
 Q - 3 potions of lignification
 S - a potion of heal wounds


   Skills:
 - Level 4.0(4.7) Fighting
 - Level 11.6(12.3) Maces & Flails
 - Level 1.0 Throwing
 - Level 1.7 Armour
 + Level 5.0 Dodging
 + Level 4.6 Stealth
 + Level 11.3 Evocations


You had 10 spell levels left.
You didn't know any spells.
Your spell library contained the following spells:

 Spells                   Type           Power      Damage    Failure   Level
 Volatile Blastmotes      Fire/Tloc      0%         2d10      75%         3
 Fulminant Prism          Conj/Alch      0%         3d5       98%         4
 Iskenderun's Mystic Bla Conj/Tloc 0%             2d3        (+2d1     98%         4
 Conjure Ball Lightning   Conj/Air       0%         3x3d6     100%        6
 Discord                  Hex            0%         N/A       100%        8
 Disjunction              Tloc           0%         N/A       100%        8


Dungeon Overview and Level Annotations

Branches:
Dungeon (15/15)            Temple (1/1) D:4             Orc (1/2) D:9
 Vaults (0/5) D:13        Ossuary (visited)
   Lair: D:8-11      Depths: D:15

Altars:
Ashenzari
Cheibriados
Fedhas
Gozag
Kikubaaqudgha
Okawaru
Qazlal
Ru
Sif Muna
Trog
Uskayaw
Vehumet
Wu Jian
Xom
Yredelemnul

Shops:
D:11 *

Annotations:
D:12 exclusion: downstairs
D:13 Rupert, Urug


Innate Abilities, Weirdness & Mutations

You have large cloven feet.
You are partially covered in large bone plates. (SH +4)
Your magical and physical power is slightly enhanced at high health.
Spells you cast may paralyse adjacent enemies.
You are darkly shadowed, frequently releasing foul flame when damaged in melee.


Message History

You throw a throwing net.
The throwing net hits the cyan ugly thing.
The cyan ugly thing is caught in the net!
The cyan ugly thing is moderately wounded.
The cyan ugly thing struggles against the net.
The cyan ugly thing struggles against the net.
The cyan ugly thing struggles against the net.
You strike the helpless cyan ugly thing from behind!
You hit the cyan ugly thing.
The cyan ugly thing is heavily wounded.
The cyan ugly thing struggles against the net.
You hit the cyan ugly thing.
The cyan ugly thing is heavily wounded.
The cyan ugly thing struggles against the net.
You hit the cyan ugly thing.
The cyan ugly thing is heavily wounded.
You hit the cyan ugly thing.
The cyan ugly thing is severely wounded.
The cyan ugly thing struggles against the net.
The net rips apart, and the cyan ugly thing comes free!
You hit the cyan ugly thing.
The cyan ugly thing is severely wounded.
You whack the cyan ugly thing!
The cyan ugly thing is almost dead.
The cyan ugly thing pecks you! The cyan ugly thing shocks you!
* * * LOW HITPOINT WARNING * * *
You barely miss the cyan ugly thing.
The cyan ugly thing is almost dead.
You catch the helpless cyan ugly thing completely off-guard!
You hit the cyan ugly thing.
The cyan ugly thing is almost dead.
You block the cyan ugly thing's attack.
You hit the cyan ugly thing but do no damage.
The cyan ugly thing is almost dead.
You closely miss the cyan ugly thing.
The cyan ugly thing is almost dead.
The cyan ugly thing pecks you!
* * * LOW HITPOINT WARNING * * *
The cyan ugly thing shocks you!
You die...

#....††>#.##.#####....
#######.÷....##.......
#.#)....~≈~~~...
####'#.##..~###~...
#......##..~≈≈≈≈...
#..........~≈#≈~...
#.....)#...~≈#≈~...
#.....<'...≈≈#≈~...
#.@....####≈≈≈≈~#+#
#.u........~###~...
#..........≈~~≈~...
#......#####.....#.
#...(..# #######
########


You could see a cyan ugly thing (unable to see you).

Vanquished Creatures
  Harold (D:9)
  A two-headed ogre (D:13)
  Sonja (D:12)
  9 ugly things
  4 centaur zombies (D:10)
  An unseen horror zombie (D:10)
  An efreet (D:14)
  2 trolls
  A wyvern (D:7)
  5 yaks (D:9)
  2 wraiths (D:10)
  Menkaure (Ossuary)
  An acid dragon (D:11)
  4 sky beasts
  2 orc warriors
  2 black bears
  2 kobold brigands
  A gnoll sergeant (D:9)
  Blork the orc (D:5)
  A bullfrog (D:7)
  2 scorpions
  An electric eel (D:14)
  A howler monkey (D:9)
  A bombardier beetle (D:4)
  3 hounds
  2 orc priests
  A jelly (D:4)
  2 sleepcaps
  4 iguanas
  5 orc wizards
  3 mummies (Ossuary)
  6 gnolls
  7 adders
  2 white imps
  2 ufetubi (D:6)
  3 dart slugs
  14 orcs
  2 bats (D:2)
  2 endoplasms (D:1)
  4 gnoll zombies (Ossuary)
  A goblin (D:4)
  5 hobgoblins
  8 jackals
  2 quokkas
  A frilled lizard (D:3)
  4 gnoll skeletons (Ossuary)
  5 goblin skeletons (Ossuary)
  4 goblin zombies (Ossuary)
  3 hobgoblin skeletons (Ossuary)
  4 hobgoblin zombies (Ossuary)
  12 kobolds
  7 kobold skeletons (Ossuary)
  3 kobold zombies (Ossuary)
  2 orc skeletons (Ossuary)
  5 orc zombies (Ossuary)
  A rat (D:1)
  4 rat skeletons (Ossuary)
  5 rat zombies (Ossuary)
186 creatures vanquished.

Vanquished Creatures (collateral kills)
  Josephine (D:10)
  An ugly thing (D:14)
  A centaur zombie (D:10)
  An orc priest (D:6)
  A gnoll bouda (D:6)
  An orc wizard (D:6)
  3 gnolls (D:6)
  2 orcs (D:6)
11 creatures vanquished.

Vanquished Creatures (others)
  An ugly thing (D:14)
  2 centaur zombies (D:10)
  An efreet (D:14)
  An orc warrior (D:6)
  A hound (D:7)
  An orc wizard (D:6)
7 creatures vanquished.

Grand Total: 204 creatures vanquished

Notes
Turn   | Place    | Note
-------+----------+-------------------------------------------
     0 | D:1      | ipx the Demonspawn Artificer began the quest for the Orb.
     0 | D:1      | Reached XP level 1. HP: 15/15 MP: 1/1
   145 | D:1      | Gained mutation: You are faintly shadowed, very rarely
                  | releasing foul flame when damaged in melee. [demonic
                  | ancestry]
   145 | D:1      | Reached XP level 2. HP: 16/21 MP: 2/2
   363 | D:2      | Reached skill level 1 in Throwing
   379 | D:2      | Reached skill level 1 in Stealth
   394 | D:2      | Reached XP level 3. HP: 18/27 MP: 3/3
   604 | D:4      | Reached skill level 1 in Maces & Flails
   651 | D:4      | Noticed a scorpion
   672 | D:3      | Gained mutation: You are shadowed, sometimes releasing foul
                  | flame when damaged in melee. [demonic ancestry]
   672 | D:3      | Reached XP level 4. HP: 24/33 MP: 4/4
   693 | D:4      | Killed a scorpion
   694 | D:4      | Gained mutation: You are partially covered in large bone
                  | plates. (SH +4) [demonic ancestry]
   694 | D:4      | Reached XP level 5. HP: 28/38 MP: 5/5
   699 | D:4      | Found a sand-covered staircase.
   710 | Ossuary  | Entered an ossuary
  1072 | Ossuary  | Noticed Menkaure
  1076 | Ossuary  | Killed Menkaure
  1077 | Ossuary  | Reached XP level 6. HP: 21/44 MP: 6/6
  1093 | Ossuary  | Reached skill level 5 in Maces & Flails
  1201 | D:3      | Found an opulent altar of Gozag.
  1349 | D:4      | Gained mutation: Spells you cast may paralyse adjacent
                  | enemies. [demonic ancestry]
  1349 | D:4      | Reached XP level 7. HP: 37/50 MP: 7/7
  1371 | D:5      | Entered Level 5 of the Dungeon
  1439 | D:5      | Noticed Blork the orc
  1511 | D:4      | Found a staircase to the Ecumenical Temple.
  1536 | Temple   | Entered the Ecumenical Temple
  1542 | Temple   | Became a worshipper of Ashenzari the Shackled
  1837 | D:5      | Killed Blork the orc
  2004 | D:6      | Gained mutation: You have large cloven feet. [demonic
                  | ancestry]
  2004 | D:6      | Reached XP level 8. HP: 33/56 MP: 8/8
  2175 | D:7      | Found a radiant altar of Vehumet.
  2321 | D:7      | Reached skill level 5 in Evocations
  2455 | D:7      | Identified the staff of Nitag {rElec rPois rN+ Will+
                  | Alchemy}
  2615 | D:8      | Found a sacrificial altar of Ru.
  2646 | D:9      | Found a staircase to the Orcish Mines.
  2868 | D:8      | Gained mutation: Your magical and physical power is
                  | slightly enhanced at high health. [demonic ancestry]
  2868 | D:8      | Reached XP level 9. HP: 60/61 MP: 7/9
  2963 | Orc:1    | Entered Level 1 of the Orcish Mines
  3042 | D:9      | Noticed Harold
  3052 | D:9      | Killed Harold
  3111 | D:9      | Reached skill level 10 in Maces & Flails
  3221 | D:10     | Entered Level 10 of the Dungeon
  3274 | D:10     | Found a basalt altar of Yredelemnul.
  3298 | D:10     | Reached XP level 10. HP: 37/67 MP: 8/10
  3337 | D:10     | Noticed Josephine
  3351 | D:10     | Killed Josephine
  3459 | D:11     | Noticed a boulder beetle
  3521 | D:11     | Reached skill level 10 in Evocations
  3533 | D:11     | Found Jumar's Assorted Antiques.
  3536 | D:11     | Bought 2 golden potions for 55 gold pieces
  3536 | D:11     | Bought a viscous blue potion for 27 gold pieces
  3536 | D:11     | Bought 2 metallic emerald potions for 55 gold pieces
  3536 | D:11     | Bought a scroll labelled LYDIGI ROYF for 31 gold pieces
  3577 | D:11     | Reached skill level 1 in Dodging
  3598 | D:12     | Noticed Sonja
  3599 | D:12     | Noticed a purple ugly thing
  3604 | D:12     | Killed Sonja
  3610 | D:12     | Killed a purple ugly thing
  3860 | D:13     | Noticed a centaur warrior
  3860 | D:13     | Noticed Urug
  3860 | D:13     | Noticed Rupert
  3860 | D:13     | Found a gate to the Vaults.
  3892 | D:12     | Noticed a brown ugly thing
  3904 | D:12     | Killed a brown ugly thing
  3905 | D:12     | Gained mutation: You are darkly shadowed, frequently
                  | releasing foul flame when damaged in melee. [demonic
                  | ancestry]
  3905 | D:12     | Reached XP level 11. HP: 67/77 MP: 9/11
  3949 | D:13     | Noticed a two-headed ogre
  3964 | D:13     | Killed a two-headed ogre
  3987 | D:13     | Reached * piety under Ashenzari
  4012 | D:14     | Noticed a cyan ugly thing
  4012 | D:14     | Noticed a cyan ugly thing
  4013 | D:14     | Noticed a cyan ugly thing
  4014 | D:14     | Noticed a cyan ugly thing
  4015 | D:14     | Noticed a cyan ugly thing
  4020 | D:14     | Killed a cyan ugly thing
  4023 | D:14     | Noticed a cyan ugly thing
  4025 | D:14     | Noticed a cyan ugly thing
  4029 | D:14     | Noticed a cyan ugly thing
  4034 | D:14     | Killed a white ugly thing
  4038 | D:14     | Noticed a cyan ugly thing
  4063 | D:14     | Killed a white ugly thing
  4077 | D:14     | Killed a white ugly thing
  4090 | D:15     | Entered Level 15 of the Dungeon
  4114 | D:14     | Killed a purple ugly thing
  4127 | D:14     | Killed a purple ugly thing
  4135 | D:14     | Killed a brown ugly thing
  4153 | D:14     | Killed a cyan ugly thing
  4291 | D:13     | Noticed a white ugly thing
  4304 | D:14     | Reached skill level 5 in Dodging
  4344 | D:14     | Mangled by a cyan ugly thing

Illustrated notes

Levels and vault maps discovered:
D:1:      tarquinn_simple_flora_water_b, layout_basic,
          shapermc_ecumenical_altar_totnotflames
D:2:      minmay_recursive_quarters, layout_basic, kennysheep_cross_room,
          serial_bayou_pond_c, uniq_terence
D:3:      minmay_angry_zag, layout_loops_corners,
          nicolae_overflow_hidden_temple, mainiacjoe_overflow_alcove_1,
          grunt_dithmenos_smoke, minmay_pentomino_pile, uniq_crazy_yiuf_cottage,
          uniq_jessica
D:4:      layout_basic, minmay_temple_entry_grid, enter_ossuary_1, st_stairs_9,
          uniq_eustachio
D:5:      layout_rooms, mainiacjoe_overflow_surrounded_room,
          hangedman_abyss_or_decor_stabs, uniq_blork_the_orc
D:6:      layout_loops_cross
D:7:      layout_loops_ring, vehumet_crystals, uniq_joseph
D:8:      layout_basic, mainiacjoe_overflow_tiny_flanked, hex_intersection,
          nicolae_eternal_life, hangedman_abyss_or_decor_clamps
D:9:      layout_basic, mainiacjoe_overflow_six_doors_small, orc_0_dummy,
          serial_aquarium, aquarium_bridge_square [aquarium_subvault_window,
          aquarium_subvault_bridge, aquarium_subvault_bridge,
          aquarium_subvault_window], aquarium_window_corner, aquarium_window_1,
          aquarium_window_2, aquarium_window_corridor_3, aquarium_view_2e,
          aquarium_balcony_3a, aquarium_pool_S, uniq_harold
D:10:     layout_small_grid, bloody_makhleb, nicolae_yredelemnul_corpse_copse,
          uniq_josephine
D:11:     layout_long_grid, minmay_lair_entry_grove, serial_shops, shop,
          nicolae_shop_firing_range
D:12:     layout_grid_maze, uniq_sonja
D:13:     layout_roguey, david_vaults_3, nicolae_trove_entry_diagonal,
          onia_ninara_cookie
D:14:     layout_basic, minmay_crystal_water, dreamdust_wishing_well,
          nicolae_diode_intersection
D:15:     hellmonk_depths_entry_around_the_bend, layout_basic,
          chequers_serial_rivers_micro_c, minmay_misc_feat_four_crosses
Temple:   dshaligram_water_room_temple
Orc:1:    nicolae_orc_accident_3, layout_diamond_mine,
          nicolae_orc_flooded_monolith, regret_index_minedec_shroomtown_chain

Skill      XL: |  1  2  3  4  5  6  7  8  9 10 11 |
---------------+----------------------------------+-----
Fighting       | 2 4 |  4.0
Throwing       | 1 |  1.0
Stealth        | 1 4 |  4.6
Maces & Flails | 1 3 4 6 7 9 10 11 | 11.6
Evocations     | 6 8 10 11 | 11.3
Dodging        | 2 5 |  5.0
Armour         | |  1.7

Action                     |  1- 3 |  4- 6 |  7- 9 | 10-12 || total
---------------------------+-------+-------+-------+-------++-------
  Melee: Dagger            |    61 |       |       |       ||    61
         Club              |     3 |       |       |       ||     3
         Flail             |    52 |   202 |   198 |       ||   452
         Whip              |       |       |   225 |   206 ||   431
  Throw: Dart              |       |     2 |     4 |       ||     6
         Throwing net      |       |     1 |       |     7 ||     8
         Javelin           |       |       |     4 |     9 ||    13
 Invoke: Curse Item        |       |       |       |     2 ||     2
Ability: Evoke Invisibilit |       |       |     1 |     3 ||     4
  Evoke: Wand              |     8 |    10 |    14 |    14 ||    46
    Use: Scroll            |     4 |     4 |     4 |     6 ||    18
         Potion            |       |     5 |     1 |     1 ||     7
   Stab: Sleeping          |     1 |       |       |       ||     1
         Invisible         |       |       |     5 |    13 ||    18
         Held in net/web   |       |       |       |     6 ||     6
 Armour: Leather armour    |    25 |       |       |       ||    25
         Chain mail        |    43 |    79 |   232 |    62 ||   416
         Troll leather arm |       |       |       |    32 ||    32
  Dodge: Dodged            |    86 |    80 |   181 |    80 ||   427
  Block: Other             |       |    25 |    45 |    20 ||    90

Table legend: (Time is in decaauts)
 A = Elapsed time spent in this place.
 B = Non-inter-level travel time spent in this place.
 C = Inter-level travel time spent in this place.
 D = Time resting spent in this place.
 E = Time spent auto-exploring this place.
 F = Levels seen in this place.
 G = Mean time per level.
                   A        B        C        D        E       F      G
               +--------+--------+--------+--------+--------+-----+--------+
         Total |   4254 |   4211 |     43 |    185 |      0 |  18 |  236.3 |
       Dungeon |   3769 |   3726 |     43 |    185 |      0 |  15 |  251.3 |
        Temple |     12 |     12 |      0 |      0 |      0 |   1 |   12.0 |
  Orcish Mines |     14 |     14 |      0 |      0 |      0 |   1 |   14.0 |
       Ossuary |    456 |    456 |      0 |      0 |      0 |   1 |  456.0 |
               +--------+--------+--------+--------+--------+-----+--------+

Top non-repeatable levels by time:
     D:4: 497 daAuts
 Ossuary: 456 daAuts
     D:7: 366 daAuts
     D:6: 363 daAuts
    D:12: 334 daAuts
     D:8: 314 daAuts
     D:5: 295 daAuts
     D:1: 286 daAuts
    D:14: 278 daAuts
     D:2: 236 daAuts
    D:10: 225 daAuts
     D:9: 221 daAuts
     D:3: 153 daAuts
    D:11: 109 daAuts
    D:13: 78 daAuts
